 Dungeon Crawl Stone Soup version 0.28.0-45-g0d030f2227 (console) character file.

Game seed: 12331214033985126560

62750 Zeor the Warrior (level 14, -3/141 (146) HPs)
             Began as a Minotaur Gladiator on Apr 4, 2022.
             Was the Champion of Wu Jian.
             Slain by a profane servitor
             ... wielding a +1 vampiric whip
              (7 damage)
             ... on level 2 of the Abyss.
             The game lasted 01:11:27 (21170 turns).

Zeor the Warrior (Minotaur Gladiator)              Turns: 21170, Time: 01:11:27

HP:   -3/141 (146)  AC: 25    Str: 26    XL:     14   Next: 65%
MP:   0/13          EV: 10    Int:  5    God:    Wu Jian [******]
Gold: 2764          SH:  0    Dex: 11    Spells: 13/13 levels left

rFire   + + .      SeeInvis .   a - +3 lajatang (venom)
rCold   . . .      Faith    .   (shield currently unavailable)
rNeg    . . .      Spirit   +   F - +0 plate armour
rPois   .          Reflect  .   c - +1 hat
rElec   .          Harm     .   (no cloak)
rCorr   .          Rampage  .   Y - +1 pair of gloves
Will    +....                   S - +1 pair of boots of Dogma {rC+}
Stlth   ..........              l - amulet of guardian spirit
HPRegen 0.33/turn               g - ring of fire
MPRegen 0.13/turn               R - ring of Ciyzoeba {rF+ Str+2 Dex+3}

@: mighty, wreathed by umbra, lightly drained
A: horns 2, retaliatory headbutt, [clumsy 2]
a: Renounce Religion, Wall Jump, Serpent's Lash, Heavenly Storm


You were on level 2 of the Abyss.
You worshipped Wu Jian.
Wu Jian was exalted by your worship.
You visited 3 branches of the dungeon, and saw 17 of its levels.
You visited the Abyss 1 time.
You also visited: Bailey, Gauntlet and Volcano.

You collected 2764 gold pieces.

Inventory:

Hand Weapons
 a - a +3 lajatang of venom (weapon)
 b - a +1 dire flail of holy wrath
 y - a +3 shortbow
 E - the +3 dire flail "Olant" {pain, rC+ Will++ rCorr Dex-5}
   (You took it off an ogre on level 5 of the Dungeon)

   In the hands of one skilled in necromantic magic, it inflicts extra damage on
   living creatures.
   Dex:       It affects your dexterity (-5).
   rC:        It protects you from cold.
   rCorr:     It protects you from acid and corrosion.
   Will:      It greatly increases your willpower.
 J - a +2 glaive of flaming
Missiles
 d - 5 throwing nets
 e - 5 curare-tipped darts
 k - 348 arrows
 o - 8 datura-tipped darts
 w - 19 boomerangs
 x - 10 atropa-tipped darts
 G - 4 javelins (quivered)
 K - 5 silver boomerangs
 U - 5 silver javelins
Armour
 c - a +1 hat (worn)
 A - a +2 leather armour of poison resistance
 C - +0 acid dragon scales
 F - a +0 plate armour (worn)
 O - +0 fire dragon scales
 S - the +1 pair of boots of Dogma (worn) {rC+}
   (You found it in a Gauntlet)

   rC:        It protects you from cold.
 Y - a +1 pair of gloves (worn)
Jewellery
 g - a ring of fire (left hand)
 i - a ring of positive energy
 l - an amulet of guardian spirit (around neck)
 t - an amulet of the acrobat
 H - a ring of ice
 R - the ring of Ciyzoeba (right hand) {rF+ Str+2 Dex+3}
   (You found it in a Gauntlet)

   [ring of protection from fire]

   Str:       It affects your strength (+2).
   Dex:       It affects your dexterity (+3).
   rF:        It protects you from fire.
 T - a ring of willpower
 V - a +6 ring of strength
 W - the ring "Ozukhus" {rN+ Dex+3}
   (You found it on level 3 of the Lair of Beasts)

   [ring of positive energy]

   Dex:       It affects your dexterity (+3).
   rN:        It protects you from negative energy.
Wands
 p - a wand of iceblast (23)
 s - a wand of flame (55)
 I - a wand of digging (15)
 X - a wand of acid (6)
Scrolls
 f - a scroll of magic mapping
 j - 2 scrolls of identify
 B - a scroll of immolation
 L - 5 scrolls of amnesia
 N - 4 scrolls of teleportation
 Z - 2 scrolls of fog
Potions
 h - 6 potions of curing
 m - 3 potions of flight
 n - 5 potions of brilliance
 v - 3 potions of ambrosia
 z - 3 potions of cancellation
 M - a potion of resistance
Miscellaneous
 q - a phantom mirror


   Skills:
 * Level 19.1 Fighting
 + Level 4.2(10.0) Maces & Flails
 + Level 3.7(9.8) Polearms
 - Level 14.0(14.4) Staves
 + Level 2.3 Throwing
 * Level 18.5 Armour
 + Level 6.1 Dodging


You had 13 spell levels left.
You didn't know any spells.
Your spell library contained the following spells:

 Spells                   Type           Power      Damage    Failure   Level
 Animate Skeleton         Necr           0%         N/A       96%         1
 Apportation              Tloc           0%         N/A       96%         1
 Beastly Appendage        Tmut           0%         N/A       96%         1
 Magic Dart               Conj           0%         1d3       96%         1
 Sting                    Tmut/Pois      0%         1d3       96%         1
 Summon Small Mammal      Summ           0%         N/A       96%         1
 Blink                    Tloc           0%         N/A       99%         2
 Poisonous Vapours        Pois/Air       0%         N/A       99%         2
 Scorch                   Fire           0%         2d5       99%         2
 Searing Ray              Conj           0%         2d4       99%         2
 Lesser Beckoning         Tloc           0%         N/A       100%        3
 Mephitic Cloud           Conj/Pois/Air  0%         N/A       100%        3
 Fulminant Prism          Conj/Hex       0%         3d6       100%        4
 Olgreb's Toxic Radiance  Pois           0%         N/A       100%        4
 Freezing Cloud           Conj/Ice/Air   0%         6-21      100%        5
 Manifold Assault         Tloc           0%         N/A       100%        5


Dungeon Overview and Level Annotations

Branches:
Dungeon (10/15)            Temple (1/1) D:4            Lair (6/6) D:10
  Swamp (0/4) Lair:3       Spider (0/4) Lair:2        Slime (0/5) Lair:5
    Orc (0/2) D:9          Bailey (visited)         Volcano (visited)
Gauntlet (visited)

Altars:
Cheibriados
Elyvilon
Fedhas
Hepliaklqana
Kikubaaqudgha
Makhleb
Nemelex Xobeh
Okawaru
Qazlal
Wu Jian
Xom
Zin
Beogh

Annotations:
D:5 1 runed translucent door, Crazy Yiuf
Lair:5 1 runed translucent door, mrw3rdna's ghost, journeyman OgFE


Innate Abilities, Weirdness & Mutations

You have a pair of horns on your head.
You reflexively headbutt those who attack you in melee.
[You are very clumsy. (Dex -4)]


Message History

You hear rumbling.
You spin and attack the earth elemental repeatedly.
You slash the earth elemental!
The earth elemental is moderately damaged.
You slash the earth elemental! You headbutt the earth elemental!
The earth elemental is severely damaged.
The profane servitor hits you with a +1 vampiric whip.
* * * LOW HITPOINT WARNING * * *
The profane servitor draws strength from your injuries!
The profane servitor hits you but does no damage.
You spin and attack the earth elemental repeatedly.
You hit the earth elemental.
The earth elemental is severely damaged.
You slash the earth elemental! You headbutt the earth elemental.
You destroy the earth elemental!
The earth elemental disappears in a puff of smoke!
The deep elf elementalist gestures next to you while chanting.
Some walls begin to move on their own!
The profane servitor hits you with a +1 vampiric whip!
* * * LOW HITPOINT WARNING * * *
The profane servitor draws strength from your injuries!
The profane servitor draws strength from your wounds!
The profane servitor hits you with a +1 vampiric whip.
* * * LOW HITPOINT WARNING * * *
You feel drained.
Unknown command.
You hear rumbling.
The profane servitor misses you.
The profane servitor hits you but does no damage.
The earth elemental disappears in a puff of smoke!
The profane servitor hits you with a +1 vampiric whip!
* * * LOW HITPOINT WARNING * * *
The profane servitor draws strength from your injuries!
The profane servitor hits you with a +1 vampiric whip.
* * * LOW HITPOINT WARNING * * *
Unknown command.
The profane servitor barely misses you. You furiously retaliate!
You headbutt the profane servitor.
The profane servitor hits you with a +1 vampiric whip!
You die...

▒∙ ∙▒ ▒∙▒▒▒▒▒
∙∙∙∙≈∙∙ ∙▒≈≈≈
▒▒∙≈≈≈▒ ▒▒
▒∙∙♣≈▒∙∙▒
▒∙▒▒H∙≈≈∙▒∙ ▒
▒∙∙A∙≈≈≈∙∙▒
∙∙▒▒▒▒
▒▒▒▒*∙▒≈≈▒▒∙∙∙
∙∙∙∙∙▒▒∙∙∙▒∙▒≈≈▒
∙ ▒∙∙∙∙∙∙▒▒▒≈≈▒∙∙
∙
▒∙▒∙▒∙∙∙▒∙≈≈▒∙▒▒
▒∙∙▒∙∙∙▒▒▒∙≈≈∙∙∙▒
▒∙∙∙∙∙∙▒▒▒≈≈▒▒▒▒
▒▒∙∙∙∙∙▒∙▒≈≈▒▒


You could see a profane servitor and a wretched star.

Vanquished Creatures
  A deep elf elementalist (Abyss:2)
  A minotaur (Gauntlet)
  A fire dragon (Volcano)
  Erolcha (D:9)
  5 hydras
  A catoblepas (Lair:4)
  A hell hog (Volcano)
  4 death yaks
  3 skeletal warriors (D:9)
  A wretched star (Abyss:2)
  A sixfirhy (Lair:6)
  2 large abominations (Abyss:2)
  A lindwurm (Lair:1)
  A cyclops (D:10)
  A manticore (D:8)
  A moth of wrath (Gauntlet)
  15 elephants
  5 torpor snails
  A centaur zombie (D:10)
  6 black mambas
  A molten gargoyle (Volcano)
  The ghost of Modestlyawesome the Covert, a novice VSEn of Dithmenos (D:5)
  A smoke demon (Lair:6)
  An orange demon (Lair:6)
  2 gargoyles
  16 cane toads
  Maggie (D:6)
  8 rime drakes
  An efreet (Gauntlet)
  9 komodo dragons
  2 ice devils (Lair:6)
  A red devil (Lair:6)
  A troll (D:10)
  2 polar bears (Lair:6)
  Grinder (D:6)
  18 blink frogs
  2 slime creatures (Lair:5)
  12 dream sheep (Lair:6)
  Sigmund (D:5)
  A human (D:9)
  8 wyverns
  39 yaks
  A vampire (D:7)
  4 fire bats (Volcano)
  Grum (D:8)
  4 basilisks
  2 fire elementals (Gauntlet)
  Eustachio (D:6)
  A steam dragon (Volcano)
  Edmund (D:5)
  5 wargs
  3 swamp worms (Lair:3)
  18 water moccasins
  9 hell hounds
  A sky beast (D:6)
  2 ice beasts (D:7)
  8 orc warriors
  5 centaurs
  53 wolves
  2 ogres
  A phantom (D:5)
  8 kobold brigands
  12 bullfrogs
  4 scorpions
  2 wyvern skeletons
  A water moccasin skeleton (D:5)
  A small abomination (Abyss:2)
  7 wights
  5 killer bees (D:7)
  4 vampire bats (Lair:2)
  2 howler monkeys
  5 electric eels
  4 lava snakes (Volcano)
  4 jellies
  3 hounds
  3 centaur skeletons
  10 orc priests
  A gnoll shaman (D:8)
  4 iguanas
  11 hell rats
  21 orc wizards
  A howler monkey zombie (D:8)
  A howler monkey skeleton (D:7)
  6 gnolls
  3 adders
  2 shadow imps
  3 white imps
  An ufetubus (D:7)
  2 worms (D:2)
  A dart slug (D:1)
  62 orcs
  6 ball pythons
  12 bats
  7 endoplasms
  A giant cockroach (D:3)
  10 hobgoblins
  3 jackals
  4 quokkas
  3 frilled lizards
  6 goblins
  24 kobolds
  3 rats (D:1)
577 creatures vanquished.

Vanquished Creatures (others)
  26 fungi
  80 plants
106 creatures vanquished.

Grand Total: 683 creatures vanquished

Notes
Turn   | Place    | Note
-------+----------+-------------------------------------------
     0 | D:1      | Zeor the Minotaur Gladiator began the quest for the Orb.
     0 | D:1      | Reached XP level 1. HP: 18/18 MP: 0/0
   219 | D:1      | Reached XP level 2. HP: 22/25 MP: 1/1
   505 | D:1      | Found a faded altar of an unknown god.
   509 | D:1      | Got Plato's Almanac of Moulding
   831 | D:2      | Reached XP level 3. HP: 24/30 MP: 2/2
  1020 | D:2      | Identified a scroll of acquirement
  1020 | D:2      | Acquired a +2 lajatang of venom
  1558 | D:3      | Reached skill level 5 in Staves
  1631 | D:3      | Reached skill level 1 in Armour
  1631 | D:3      | Reached XP level 4. HP: 34/37 MP: 3/3
  1732 | D:3      | Found a stormy altar of Qazlal.
  2451 | D:4      | Reached skill level 3 in Fighting
  2479 | D:4      | Noticed a bullfrog
  2484 | D:4      | Killed a bullfrog
  2485 | D:4      | Reached XP level 5. HP: 32/45 MP: 4/4
  2635 | D:4      | Found a staircase to the Ecumenical Temple.
  2640 | Temple   | Entered the Ecumenical Temple
  2654 | Temple   | Became a worshipper of the Wu Jian Council
  2943 | D:4      | Found a white marble altar of Elyvilon.
  2944 | D:4      | Found a sparkling altar of Nemelex Xobeh.
  2948 | D:4      | Found an ancient bone altar of Kikubaaqudgha.
  2997 | D:4      | Reached XP level 6. HP: 29/51 MP: 2/5
  3525 | D:5      | Entered Level 5 of the Dungeon
  3661 | D:5      | Found a transporter.
  3661 | D:5      | Noticed Modestlyawesome's ghost (novice VSEn)
  3661 | D:5      | Identified the +3 dire flail "Olant" {pain, rC+ Will++
                  | rCorr Dex-5}
  3662 | D:5      | Found a transporter.
  3856 | D:5      | Reached skill level 4 in Fighting
  3856 | D:5      | Reached XP level 7. HP: 59/59 MP: 6/6
  3904 | D:5      | Reached * piety under Wu Jian
  4018 | D:5      | Noticed Sigmund
  4024 | D:5      | Killed Sigmund
  4049 | D:5      | Found a runed translucent door.
  4050 | D:5      | Noticed Crazy Yiuf
  4072 | D:5      | Noticed Edmund
  4078 | D:5      | Killed Edmund
  4079 | D:5      | Reached skill level 10 in Staves
  4079 | D:5      | Reached XP level 8. HP: 55/67 MP: 5/7
  5072 | D:6      | Reached skill level 5 in Fighting
  5245 | D:6      | Noticed Eustachio
  5253 | D:6      | Killed Eustachio
  5254 | D:6      | Noticed Grinder
  5265 | D:6      | Killed Grinder
  5265 | D:6      | Reached ** piety under Wu Jian
  5287 | D:6      | Reached skill level 5 in Armour
  5287 | D:6      | Reached XP level 9. HP: 74/74 MP: 8/8
  5692 | D:6      | Noticed Maggie
  5701 | D:6      | Killed Maggie
  5999 | D:7      | Found a flagged portal.
  6162 | Bailey   | Entered a bailey
  6361 | Bailey   | Reached *** piety under Wu Jian
  6367 | Bailey   | Reached skill level 6 in Fighting
  6745 | Bailey   | Found an iron altar of Okawaru.
  7177 | D:7      | Reached XP level 10. HP: 55/83 MP: 7/9
  7900 | D:5      | Killed Modestlyawesome's ghost
  7901 | D:5      | Reached skill level 7 in Fighting
  7911 | D:5      | Acquired 869 gold pieces
  8349 | D:8      | Noticed Grum
  8622 | D:8      | Killed Grum
  8954 | D:8      | Reached **** piety under Wu Jian
  8974 | D:8      | Reached skill level 1 in Maces & Flails
  9040 | D:8      | Reached skill level 10 in Armour
  9056 | D:8      | Noticed a manticore
  9071 | D:8      | Reached skill level 8 in Fighting
  9071 | D:8      | Killed a manticore
  9617 | D:9      | Found a staircase to the Orcish Mines.
  9660 | D:9      | Reached skill level 9 in Fighting
  9782 | D:9      | Noticed a skeletal warrior
  9798 | D:9      | Killed a skeletal warrior
  9799 | D:9      | Reached XP level 11. HP: 57/97 MP: 5/10
  9813 | D:9      | Noticed a skeletal warrior
 10023 | D:9      | Killed a skeletal warrior
 10209 | D:9      | Reached ***** piety under Wu Jian
 10470 | D:9      | Noticed a skeletal warrior
 10485 | D:9      | Killed a skeletal warrior
 10486 | D:9      | Reached skill level 10 in Fighting
 10670 | D:9      | Noticed Erolcha
 10687 | D:9      | Killed Erolcha
 11030 | D:10     | Entered Level 10 of the Dungeon
 11070 | D:10     | Found a staircase to the Lair.
 11860 | D:10     | Reached skill level 11 in Fighting
 12162 | Lair:1   | Entered Level 1 of the Lair of Beasts
 12304 | Lair:1   | Found a dark tunnel.
 12304 | Lair:1   | Noticed a lindwurm
 12313 | Volcano  | Entered a volcano
 12539 | Volcano  | Reached skill level 5 in Dodging
 12732 | Volcano  | Found a bloodstained altar of Trog.
 12732 | Volcano  | Noticed a hell hog
 12747 | Volcano  | Killed a hell hog
 12904 | Volcano  | Noticed a fire dragon
 12915 | Volcano  | Killed a fire dragon
 12978 | Volcano  | Reached XP level 12. HP: 102/112 MP: 11/11
 12993 | Volcano  | Reached skill level 12 in Fighting
 13341 | Lair:1   | Reached skill level 13 in Fighting
 14360 | Lair:2   | Found a hole to the Spider Nest.
 14384 | Lair:2   | Found a gate leading to a gauntlet.
 14395 | Gauntlet | Entered a Gauntlet
 14395 | Gauntlet | Found a transporter.
 14436 | Gauntlet | Found a transporter.
 14439 | Gauntlet | Found a transporter.
 14450 | Gauntlet | Found a transporter.
 14452 | Gauntlet | Found a transporter.
 14467 | Gauntlet | Found a transporter.
 14472 | Gauntlet | Found a runed translucent door.
 14479 | Gauntlet | Found a transporter.
 14482 | Gauntlet | Noticed a ghost crab
 14486 | Gauntlet | Noticed a quicksilver ooze
 14488 | Gauntlet | Found a runed translucent door.
 14489 | Gauntlet | Found a transporter.
 14490 | Gauntlet | Found a runed translucent door.
 14502 | Gauntlet | Found a transporter.
 14513 | Gauntlet | Found a transporter.
 14522 | Gauntlet | Found a transporter.
 14524 | Gauntlet | Found a transporter.
 14631 | Gauntlet | Reached skill level 15 in Armour
 14652 | Gauntlet | Reached skill level 14 in Fighting
 14932 | Gauntlet | Found a transporter.
 14952 | Gauntlet | Reached ****** piety under Wu Jian
 14971 | Gauntlet | Identified the ring of Ciyzoeba {rF+ Str+2 Dex+3}
 15037 | Gauntlet | Identified the +1 pair of boots of Dogma {rC+}
 15114 | Gauntlet | Noticed a minotaur
 15123 | Gauntlet | Killed a minotaur
 15367 | Gauntlet | Got Woirchoin's Volume of the Flying Blaze
 15903 | Lair:3   | Identified the ring "Ozukhus" {rN+ Dex+3}
 15983 | Lair:3   | Noticed a four-headed hydra
 15990 | Lair:3   | Killed a two-headed hydra
 15991 | Lair:3   | Reached XP level 13. HP: 125/125 MP: 12/12
 16109 | Lair:3   | Reached skill level 15 in Fighting
 16266 | Lair:3   | Found a staircase to the Swamp.
 16669 | Lair:3   | Reached skill level 1 in Polearms
 17338 | Lair:4   | Reached skill level 16 in Fighting
 18667 | Lair:5   | Found an ornate altar of the Wu Jian Council.
 18913 | Lair:5   | Found a runed translucent door.
 18914 | Lair:5   | Noticed mrw3rdna's ghost (journeyman OgFE)
 18973 | Lair:5   | Found a staircase to the Slime Pits.
 18981 | Lair:5   | Reached skill level 17 in Fighting
 19455 | Lair:6   | Entered Level 6 of the Lair of Beasts
 19611 | Lair:6   | Reached XP level 14. HP: 107/140 MP: 9/13
 19697 | Lair:6   | Reached skill level 18 in Fighting
 20994 | Lair:6   | Found a burning altar of Makhleb.
 21011 | Lair:6   | Reached skill level 19 in Fighting
 21038 | Lair:6   | Cast into level 2 of the Abyss (a wizard)
 21129 | Abyss:2  | Noticed a profane servitor
 21129 | Abyss:2  | Noticed a deep elf elementalist
 21158 | Abyss:2  | Found a corrupted altar of Lugonu.
 21167 | Abyss:2  | Killed a deep elf elementalist
 21168 | Abyss:2  | HP: 5/141 [profane servitor/+1 vampiric whip (11)]
 21170 | Abyss:2  | Slain by a profane servitor

Illustrated notes

Levels and vault maps discovered:
D:1:      ncdulo_smallfort, layout_loops_ring,
          shapermc_ecumenical_altar_rom_forum, chequers_serial_rivers_small_b
D:2:      layout_rooms, interstate_on_off, st_stairs_13
D:3:      minmay_wonky_spiral, layout_loops_ring, mainiacjoe_overflow_boulevard
D:4:      layout_loops_cross, chequers_temple_overflow_statue_of_worship,
          minmay_temple_entry_wispy, supply_closet_lemuel,
          kennysheep_decorative_pillar
D:5:      layout_basic, gammafunk_ghost_smash, kennysheep_generic_room_14,
          uniq_crazy_yiuf_cottage, uniq_sigmund, uniq_edmund
D:6:      minmay_flawed_box, layout_loops_ring, minmay_misc_feat_chi,
          uniq_maggie, uniq_eustachio, uniq_grinder
D:7:      wad_river_or_something, layout_basic, enter_bailey_8,
          minmay_misc_feat_diagonals
D:8:      layout_gridville, special_room [special_room_orc], uniq_grum
D:9:      layout_big_octagon, erik_orc_4, serial_bayou_pond_d, uniq_erolcha
D:10:     layout_roguey, erik_lair_orcish_takeover
Temple:   mainiacjoe_temple_coin_purse
Lair:1:   layout_hall_layers, nicolae_volcano_entry_vermiform,
          grunt_forest_stairs_basic, grunt_forest_large_clearings
Lair:2:   layout_chaotic_city, dummy_spider_entry, gauntlet_entry_generic,
          roderic_batcave, serial_bayou_lake_a, infiniplex_staircase_pool
Lair:3:   wander_river, layout_cave_pods, minmay_swamp_entry_worms,
          lemuel_old_faithful
Lair:4:   layout_hall_layers
Lair:5:   layout_hall_layers, minmay_slime_entry_pillars, gammafunk_ghost_grave,
          basic_altar, serial_bayou_ford_a
Lair:6:   evil_forest, layout_loops_ring, grunt_megastairs_4,
          serial_bayou_shore_a
Abyss:2:  base:
Lair:6

Skill      XL: |  1  2  3  4  5  6  7  8  9 10 11 12 13 14 |
---------------+-------------------------------------------+-----
Staves         | 4 5 6 7 8 10 12 13 14 | 14.0
Armour         | 1 2 3 5 7 11 13 15 17 18 | 18.5
Fighting       | 3 4 5 6 9 11 14 17 19 | 19.1
Dodging        | 4 5 6 |  6.1
Maces & Flails | 1 4 |  4.2
Polearms       | 3 |  3.7
Throwing       | |  2.3

Action                   |  1- 3 |  4- 6 |  7- 9 | 10-12 | 13-15 || total
-------------------------+-------+-------+-------+-------+-------++-------
Melee: Quarterstaff      |    45 |       |       |       |       ||    45
       Headbutt          |    10 |     9 |    46 |   103 |   135 ||   303
       Lajatang          |    25 |    77 |   218 |   625 |   486 ||  1431
       Dire flail        |       |       |       |    30 |       ||    30
       Glaive            |       |       |       |     2 |    16 ||    18
Throw: Javelin           |       |       |     2 |     2 |     2 ||     6
Invok: Lunge             |       |    16 |    34 |    53 |    48 ||   151
       Whirlwind         |       |       |     5 |    72 |    79 ||   156
 Abil: Wall Jump         |       |       |     1 |     8 |     1 ||    10
  Use: Scroll            |     4 |     6 |     4 |     7 |     7 ||    28
       Potion            |       |       |     3 |     3 |     4 ||    10
 Stab: Sleeping          |       |     1 |     1 |       |       ||     2
       Petrified         |       |       |       |       |     1 ||     1
Armor: Leather armour    |    16 |    11 |     3 |       |       ||    30
       Chain mail        |       |       |    50 |       |       ||    50
       Plate armour      |       |       |     2 |   231 |   179 ||   412
       Scale mail        |       |       |       |     8 |       ||     8
       Fire dragon scale |       |       |       |    40 |    29 ||    69
Dodge: Dodged            |    37 |    37 |    67 |   240 |   170 ||   551
